AoeStats
← Yoloboy

Arena

508221540Analyzed
1v1 RM · 11d ago on Sep 21, 2026· 47m 31s· 2 players
Game mode
Random Map
Map size
Tiny (2 player)
Population
200
Speed
Normal
Resources
Standard
Victory
Conquest
Starting age
Dark Age
Ending age
Imperial Age
RankedLock teamsTeams togetherTeam positionsShared explorationLock speedFull tech treeHidden civsTurbo modeCheats
Victory
Defeat
🇹🇷 Koreans · Türkiye
1881
+8
🇳🇱 Byzantines · Netherlands
1704
-8
ReginLeif
10:50 Feudal Age
14:58 Castle Age
13:21 Horse Collar
14:32 Double-Bit Axe
15:07 Fletching
19:34 Crossbowman
23:20 Wheelbarrow
25:18 Bodkin Arrow
30:24 Imperial Age
27:40 Loom
28:37 Stone Mining
28:37 Gold Mining
30:11 Heavy Plow
30:28 Bow Saw
30:41 Masonry
31:15 Gold Shaft Mining
32:09 Chemistry
32:03 Thumb Ring
33:07 Bracer
33:52 Arbalester
35:06 Scale Barding Armor
34:22 Light Cavalry
35:02 Husbandry
38:08 Chain Barding Armor
37:59 Forging
40:49 Stone Shaft Mining
42:28 Ballistics
Yoloboy
11:27 Feudal Age
11:31 Loom
14:52 Castle Age
13:20 Double-Bit Axe
14:00 Horse Collar
16:05 Bow Saw
18:09 Wheelbarrow
18:36 Sanctity
22:52 Gold Mining
25:44 Imperial Age
23:24 Stone Mining
28:27 Chemistry
28:04 Block Printing
30:14 Illumination
30:25 Theocracy
32:44 Redemption
32:44 Fervor
38:46 Fletching
39:29 Bodkin Arrow
39:29 Elite Skirmisher
40:05 Pikeman
40:55 Bracer
42:25 Padded Archer Armor
Connection lost

Rejoining the realm…

Still unreachable

The connection could not be restored.

Session expired

The server has moved on; the page needs a fresh start.